 Dungeon Crawl Stone Soup version 0.29-a0-824-gd827844252 (webtiles) character file.

Game seed: 13520719716558523846

44 Sabo the Shield-Bearer (level 3, 0/26 HPs)
             Began as a Formicid Fighter on July 9, 2022.
             Was a Follower of Hepliaklqana.
             Succumbed to an adder's poison
             ... on level 2 of the Dungeon.
             The game lasted 00:05:26 (1167 turns).

Sabo the Shield-Bearer (Formicid Fighter)           Turns: 1167, Time: 00:05:27

Health: 0/26       AC: 11    Str: 19 (22) XL:     3   Next: 85%
Magic:  0/3        EV:  5    Int:  6 (7)  God:    Hepliaklqana [*.....]
Gold:   70         SH:  5    Dex: 12 (13) Spells: 2/2 levels left

rFire   . . .      SeeInvis +   a - +0 war axe
rCold   . . .      Faith    .   c - +0 buckler
rNeg    . . .      Spirit   +   h - +0 plate armour
rPois   .          Reflect  .   (helmet unavailable)
rElec   .          Harm     .   (no cloak)
rCorr   .          Rampage  .   (no gloves)
Will    .....                   (no boots)
Stlth   ..........              i - amulet of guardian spirit
HPRegen 0.08/turn               (no ring)
MPRegen 0.08/turn               (no ring)

@: mighty, lethally poisoned (0 -> -5)
A: reduced essence, permanent stasis, dig shafts and tunnels, antennae 3, four
strong arms
a: Dig, Shaft Self, Renounce Religion, Recall Ancestor, Ancestor Identity


You were on level 2 of the Dungeon.
You worshipped Hepliaklqana.
Hepliaklqana was aware of your devotion.
You visited 1 branch of the dungeon, and saw 2 of its levels.

You collected 70 gold pieces.

Inventory:

Hand Weapons
 a - a +0 war axe (weapon)
 g - a +0 sling
Armour
 b - a +0 scale mail
 c - a +0 buckler (worn)
 h - a +0 plate armour (worn)
Jewellery
 i - an amulet of guardian spirit (around neck)
Scrolls
 e - a scroll of enchant weapon {unknown}
 f - a scroll of identify {unknown}
 l - a scroll of amnesia {unknown}
 m - a scroll of blinking {unknown}
 n - a scroll of enchant armour {unknown}
 o - a scroll of magic mapping {unknown}
Potions
 j - a potion of mutation {unknown}
 p - a potion of heal wounds {unknown}


   Skills:
 + Level 3.6 Fighting
 + Level 2.6 Axes
 + Level 4.0 Armour
 + Level 4.3 Shields


You had 2 spell levels left.
You didn't know any spells.
Your spell library was empty.

Dungeon Overview and Level Annotations

Branches:
Dungeon (2/15)

Altars:
Hepliaklqana

Shops:
D:1 [


Innate Abilities, Weirdness & Mutations

Your life essence is reduced to manifest your ancestor. (-10% HP)
You cannot be hasted, slowed, berserked, paralysed or teleported.
You can dig through walls and to a lower floor.
You have a pair of large antennae on your head. (SInv)
Your four strong arms can wield two-handed weapons with a shield.


Message History

You block the adder's attack. The giant cockroach closely misses you.
The hobgoblin completely misses you. You block the giant cockroach's attack.
The adder bites you but does no damage.
You slash the adder!
The adder is heavily wounded.
You closely miss the hobgoblin. You hit the giant cockroach.
You kill the giant cockroach!
You slash the hobgoblin!
You kill the hobgoblin!
The hobgoblin hits you but does no damage.
You block the adder's attack.
You closely miss the adder.
The adder is heavily wounded.
You slash the hobgoblin!
You kill the hobgoblin!
The adder bites you but does no damage. x2
You feel your dexterity returning.
You closely miss the adder.
The adder is heavily wounded.
The adder bites you. The adder completely misses you.
Unknown command.
You barely miss the adder.
The adder is heavily wounded.
The adder bites you but does no damage. x2
You closely miss the adder.
The adder is heavily wounded.
The adder bites you but does no damage.
You closely miss the adder.
The adder is heavily wounded.
The adder bites you but does no damage. The adder bites you.
* * * LOW HITPOINT WARNING * * *
You miss the adder.
The adder is heavily wounded.
The adder bites you.
* * * LOW HITPOINT WARNING * * *
You are lethally poisoned!
The adder poisons you! You block the adder's attack.
You slice the adder!!
You kill the adder!
You die...

.?##. .... #
...##### .=
#......#
#:##......#
#........# )
#..<...#
....#.††...#
......†@...#
......$....#
..$........#
.......)...#
>.##########
##


There were no monsters in sight!

Vanquished Creatures
  An adder (D:2)
  3 worms (D:2)
  2 giant cockroaches
  2 goblins (D:1)
  3 hobgoblins
  A jackal (D:1)
  6 kobolds
  2 quokkas (D:1)
  2 bats
  2 rats (D:1)
24 creatures vanquished.

Vanquished Creatures (collateral kills)
  A dart slug (D:1)
  2 bats (D:1)
  A goblin (D:1)
  A jackal (D:1)
  A frilled lizard (D:1)
  A rat (D:1)
7 creatures vanquished.

Vanquished Creatures (others)
  An ancestor (D:2)
1 creature vanquished.

Grand Total: 32 creatures vanquished

Notes
Turn   | Place    | Note
-------+----------+-------------------------------------------
     0 | D:1      | Sabo the Formicid Fighter began the quest for the Orb.
     0 | D:1      | Reached XP level 1. HP: 18/18 MP: 1/1
     2 | D:1      | Noticed a human
     2 | D:1      | Noticed a draconian
     4 | D:1      | Noticed a demonspawn
     4 | D:1      | Noticed an octopode
     6 | D:1      | Noticed a spriggan
     8 | D:1      | Noticed a merfolk
     8 | D:1      | Noticed a tengu
    10 | D:1      | Noticed a gargoyle
    12 | D:1      | Noticed a demigod
    14 | D:1      | Noticed a naga
    16 | D:1      | Noticed a vampire
    18 | D:1      | Noticed a ghoul
    18 | D:1      | Noticed a vine stalker
    20 | D:1      | Noticed an elf
    20 | D:1      | Noticed a felid
    22 | D:1      | Noticed a troll
    22 | D:1      | Noticed a minotaur
    24 | D:1      | Noticed an ogre
    24 | D:1      | Noticed a dwarf
    26 | D:1      | Noticed a formicid
   284 | D:1      | Found a faded altar of an unknown god.
   296 | D:1      | Prayed at the altar of an unknown god.
   296 | D:1      | Became a worshipper of Hepliaklqana the Forgotten
   296 | D:1      | Reached * piety under Hepliaklqana
   312 | D:1      | Reached XP level 2. HP: 19/21 MP: 2/2
   765 | D:1      | Found Feceh's Antique Armour Shop.
   775 | D:1      | Reached XP level 3. HP: 24/26 MP: 1/3
  1167 | D:2      | Succumbed to an adder's poison

Illustrated notes

Levels and vault maps discovered:
D:1:      kb_arrival_jail, layout_rooms, shapermc_ecumenical_altar_totnotflames,
          serial_shops, nicolae_diamond_shop
D:2:      layout_rooms, basic_altar, minivault_25, minmay_tall_x

Skill      XL: |  1  2  3 |
---------------+----------+-----
Armour         | 4 |  4.0
Fighting       | |  3.6
Axes           | |  2.6
Shields        | |  4.3

Action                   || total
-------------------------++-------
Melee: War axe           ||    64
  Use: Potion            ||     2
Armor: Scale mail        ||     3
       Plate armour      ||    46
Dodge: Dodged            ||    28
Block: Buckler           ||    21

Table legend: (Time is in decaauts)
 A = Elapsed time spent in this place.
 B = Non-inter-level travel time spent in this place.
 C = Inter-level travel time spent in this place.
 D = Time resting spent in this place.
 E = Time spent auto-exploring this place.
 F = Levels seen in this place.
 G = Mean time per level.
                   A        B        C        D        E       F      G
               +--------+--------+--------+--------+--------+-----+--------+
         Total |   1193 |   1193 |      0 |    527 |      0 |   2 |  596.5 |
       Dungeon |   1193 |   1193 |      0 |    527 |      0 |   2 |  596.5 |
               +--------+--------+--------+--------+--------+-----+--------+

Top non-repeatable levels by time:
     D:1: 1165 daAuts
     D:2: 27 daAuts
